 Dungeon Crawl Stone Soup version 0.19-a0-231-gae044c8 (webtiles) character file.

4053 oplop the Covert (level 10, -1/55 HPs)
             Began as a Vine Stalker Monk on May 24, 2016.
             Was a Priest of Dithmenos.
             Slain by a red ugly thing (19 damage)
             ... on level 12 of the Dungeon.
             The game lasted 00:15:00 (6076 turns).

oplop the Covert (Vine Stalker Monk)                Turns: 6076, Time: 00:15:01

Health: -1/55      AC:  6    Str: 18    XL:     10   Next: 24%
Magic:  0/11       EV: 19    Int: 10    God:    Dithmenos [***...]
Gold:   721        SH:  0    Dex: 28    Spells: 0 memorised, 9 levels left

rFire  . . .     SeeInvis .     a - +3 short sword (venom)
rCold  . . .     Gourm    .     j - +1 robe
rNeg   . . .     Faith    .     (no shield)
rPois  .         Spirit   +     (no helmet)
rElec  .         Dismiss  .     (no cloak)
rCorr  .         Reflect  .     z - +2 pair of gloves {Str+3}
SustAt .         Harm     .     (no boots)
MR     +....                    (no amulet)
Stlth  +++++++...               w - +4 ring of dexterity
                                s - +5 ring of dexterity

@: wreathed by umbra, somewhat resistant to hostile enchantments, extremely
stealthy
A: fangs 3, regeneration 2, magic shield, antimagic bite, no device heal 3, rot
immunity
a: Shadow Step, Renounce Religion


You were on level 12 of the Dungeon.
You worshipped Dithmenos.
Dithmenos was most pleased with you.
You were hungry.

You visited 2 branches of the dungeon, and saw 12 of its levels.
You also visited: Ossuary.

You collected 721 gold pieces.

Inventory:

Hand Weapons
 a - a +3 short sword of venom (weapon)
 b - a +0 blowgun
 e - a +0 short sword
Missiles
 f - 77 poisoned needles
 p - 4 tomahawks
 r - 7 javelins (quivered)
Armour
 j - a +1 robe (worn)
 z - a +2 pair of gloves of strength (worn)
Jewellery
 s - a +5 ring of dexterity (left hand)
 w - a +4 ring of dexterity (right hand)
Wands
 v - a wand of enslavement (19/24)
 y - a wand of slowing (28/48)
 D - a wand of enslavement (12/24)
 I - a wand of flame (24/48)
Scrolls
 g - a scroll of random uselessness
 h - a scroll of fog {unknown}
 i - 6 scrolls of remove curse
 m - a scroll of recharging
 n - a scroll of noise
 t - 4 scrolls of identify
 E - 2 scrolls of immolation {unknown}
 F - a scroll of enchant armour
 H - 5 scrolls of teleportation
 O - a scroll of silence {unknown}
 P - a scroll of amnesia {unknown}
Potions
 d - 2 potions of brilliance {unknown}
 k - 3 potions of heal wounds {unknown}
 l - 4 potions of flight {unknown}
 o - 4 potions of curing {unknown}
 q - 3 potions of might {unknown}
 u - a potion of magic {unknown}
 A - 2 potions of degeneration {unknown}
 B - a potion of lignification {unknown}
 C - a potion of cancellation {unknown}
 G - a potion of berserk rage {unknown}
 M - a potion of cure mutation {unknown}
 N - a potion of resistance {unknown}
Books
 x - a book of Unlife

   Spells                             Type                      Level
   a - Recall                         Summoning/Translocation      3
   b - Animate Dead                   Necromancy                   4
   c - Control Undead                 Necromancy                   4
   d - Cigotuvi's Embrace             Necromancy                   5
   e - Death Channel                  Necromancy                   6
   f - Simulacrum                     Ice/Necromancy               6
 K - a Necronomicon

   Spells                             Type                      Level
   a - Haunt                          Necromancy/Summoning         7
   b - Borgnjor's Revivification      Necromancy                   8
   c - Death's Door                   Charms/Necromancy            8
   d - Necromutation                  Transmutation/Necromancy     8
Comestibles
 c - 4 meat rations
 J - 5 bread rations
 L - a chunk of flesh


   Skills:
 + Level 7.1 Fighting
 + Level 5.8 Short Blades
 - Level 3.7 Throwing
 + Level 6.4 Dodging
 + Level 9.2 Stealth
 - Level 4.0 Unarmed Combat


You had 9 spell levels left.
You didn't know any spells.

Dungeon Overview and Level Annotations

Branches:
Dungeon (12/15)            Temple (1/1) D:7
   Lair: D:8-11         Orc: D:9-12

Altars:
Ashenzari
Cheibriados
Dithmenos
Elyvilon
Fedhas
Gozag
Hepliaklqana
Kikubaaqudgha
Makhleb
Nemelex Xobeh
Pakellas
Qazlal
Ru
Sif Muna
Ukayaw
Vehumet
Xom
Yredelemnul
Zin
The Shining One


Innate Abilities, Weirdness & Mutations

You have razor-sharp teeth.
You heal very quickly.
When hurt, damage is shared between your health and your magic reserves.
Your bite disrupts and absorbs the magic of your enemies.
Potions and wands cannot restore your health.
You are immune to rotting.


Message History

The red ugly thing completely misses you.
Evoke which item? (* to show all) (? for menu, Esc to quit)
Zapping:
D - a wand of enslavement (15/24)
Press: ? - help, Shift-Dir - straight line, f/p - red ugly thing
Aim: a red ugly thing (umbra, chance to defeat MR: 28%)
The red ugly thing easily resists.
This wand has 14 charges left.
The red ugly thing barely misses you.
Evoke which item? (* to show all) (? for menu, Esc to quit)
Zapping:
D - a wand of enslavement (14/24)
Press: ? - help, Shift-Dir - straight line, f/p - red ugly thing
Aim: a red ugly thing (umbra, chance to defeat MR: 28%)
The red ugly thing easily resists.
This wand has 13 charges left.
The red ugly thing trunk-slaps you!
You are engulfed in flames!!
Evoke which item? (* to show all) (? for menu, Esc to quit)
Zapping:
D - a wand of enslavement (13/24)
Press: ? - help, Shift-Dir - straight line, f/p - red ugly thing
Aim: a red ugly thing (umbra, chance to defeat MR: 28%)
The red ugly thing easily resists.
This wand has 12 charges left.
The red ugly thing trunk-slaps you!
You are engulfed in flames!!
You die...

#. # ###. #. #.
####.######## ##
#...........# #
.##...........########+##
..............##........#
.#...........##........#
#...........##........#
#............@u.......#
#...........>#........#
#............####+#####
#...........##
####.######## #.# #.#
#.##### #.# ##.....#######
#.#
+...............####.#####


You could see a red ugly thing.

Vanquished Creatures
  A two-headed ogre (D:8)
  Eustachio (D:5)
  A hippogriff (D:9)
  2 wraiths (D:8)
  A wyvern (D:8)
  A water moccasin (D:8)
  3 ice beasts
  An orc warrior (D:12)
  A necrophage (D:8)
  A black bear (D:7)
  2 ogres
  A centaur (D:6)
  Blork the orc (D:4)
  3 big kobolds
  An elf zombie (D:8)
  5 giant frogs
  A scorpion (D:4)
  A troll zombie (D:8)
  6 killer bees (D:12)
  A wight (D:8)
  3 howler monkeys
  2 jellies
  3 crimson imps
  A giant frog zombie (D:12)
  5 human zombies (D:8)
  3 giant frog skeletons
  6 hounds
  An orc priest (D:6)
  3 orc wizards
  3 iguanas
  A human skeleton (D:8)
  2 hound zombies
  2 mummies (Ossuary)
  7 adders
  2 shadow imps
  An ooze (D:2)
  2 adder skeletons
  2 worms
  A dart slug (D:1)
  3 giant geckos
  11 orcs
  3 ball pythons
  3 bats
  6 giant cockroaches
  3 gnoll zombies (Ossuary)
  6 goblins
  5 hobgoblins
  6 jackals
  20 kobolds
  7 quokkas
  A giant gecko zombie (D:5)
  3 giant newts
  3 goblin zombies (Ossuary)
  4 hobgoblin zombies (Ossuary)
  5 orc zombies
  7 rats
  A fungus (D:7)
182 creatures vanquished.

Vanquished Creatures (collateral kills)
  An iguana (D:8)
1 creature vanquished.

Grand Total: 183 creatures vanquished

Notes
Turn   | Place    | Note
--------------------------------------------------------------
     0 | D:1      | oplop the Vine Stalker Monk began the quest for the Orb.
     0 | D:1      | Reached XP level 1. HP: 11/11 MP: 2/2
   148 | D:1      | Reached XP level 2. HP: 12/16 MP: 3/3
   415 | D:1      | Reached skill level 3 in Stealth
   613 | D:2      | Reached XP level 3. HP: 17/20 MP: 4/4
   731 | D:2      | Reached XP level 4. HP: 16/24 MP: 5/5
  1090 | D:3      | You fall through a shaft!
  1141 | D:3      | Found a stormy altar of Qazlal.
  1238 | D:3      | Found an oddly glowing altar of Pakellas.
  1674 | D:4      | Noticed Blork the orc
  1679 | D:4      | Killed Blork the orc
  1679 | D:4      | Reached skill level 1 in Short Blades
  1679 | D:4      | Reached skill level 1 in Throwing
  1679 | D:4      | Reached XP level 5. HP: 18/29 MP: 6/6
  1908 | D:4      | Found a burning altar of Makhleb.
  2209 | D:4      | Reached skill level 4 in Stealth
  2265 | D:4      | Gained mutation: You heal very quickly. [Vine Stalker growth]
  2265 | D:4      | Reached XP level 6. HP: 33/33 MP: 7/7
  2413 | D:5      | Entered Level 5 of the Dungeon
  2479 | D:5      | Found an opulent altar of Gozag.
  3016 | D:5      | Noticed Eustachio
  3017 | D:5      | Found a sand-covered staircase.
  3025 | D:5      | Killed Eustachio
  3025 | D:5      | Reached skill level 5 in Stealth
  3025 | D:5      | Reached XP level 7. HP: 34/37 MP: 6/8
  3031 | Ossuary  | Entered an ossuary
  3271 | D:5      | Found a white marble altar of Elyvilon.
  3710 | D:6      | Found a sacrificial altar of Ru.
  3889 | D:6      | Gained mutation: You have razor-sharp teeth. [Vine Stalker growth]
  3889 | D:6      | Reached XP level 8. HP: 32/42 MP: 7/9
  4093 | D:6      | Reached skill level 5 in Fighting
  4093 | D:6      | Reached skill level 6 in Stealth
  4497 | D:7      | Found a staircase to the Ecumenical Temple.
  4506 | Temple   | Entered the Ecumenical Temple
  4620 | Temple   | Became a worshipper of Dithmenos the Shadowed
  4620 | Temple   | Reached * piety under Dithmenos
  4620 | Temple   | Reached ** piety under Dithmenos
  4843 | D:7      | Reached skill level 5 in Dodging
  4843 | D:7      | Reached skill level 7 in Stealth
  4843 | D:7      | Reached XP level 9. HP: 48/48 MP: 10/10
  5338 | D:8      | Noticed a two-headed ogre
  5341 | D:8      | Found a shattered altar of Ashenzari.
  5356 | D:8      | Killed a two-headed ogre
  5457 | D:8      | Reached skill level 8 in Stealth
  5459 | D:8      | Found a basalt altar of Yredelemnul.
  5515 | D:8      | Reached skill level 5 in Short Blades
  5725 | D:9      | Reached XP level 10. HP: 53/53 MP: 11/11
  5788 | D:9      | Reached *** piety under Dithmenos
  5886 | D:9      | You fall through a shaft for 3 floors!
  5921 | D:11     | Noticed a cyclops
  5931 | D:12     | Reached skill level 9 in Stealth
  6066 | D:12     | Noticed a red ugly thing
  6076 | D:12     | Slain by a red ugly thing

Vault maps used:
D:1:      shiori_shiawase
D:2:      minmay_box_of_dots
D:3:      grunt_qazlal_sundering, grunt_pakellas_basics,
          nicolae_overflow_hidden_temple, ecumenical_altar_1
D:4:      nicolae_overflow_crystal_walls, uniq_blork_the_orc
D:5:      lemuel_coloured_pillars_altar, lemuel_crystal_altar, enter_ossuary_3,
          first_bread, uniq_eustachio
D:6:      nicolae_ru_path_of_blood, hangedman_decor_push
D:7:      minmay_temple_entry_statues_fountains, minmay_gold_behind_fungi
D:8:      lemuel_mausoleum_altar_yredelemnul, kennysheep_mini_moat
D:9:      hangedman_little_slice_of_home, st_stairs_14
D:11:     minmay_lair_entry_lava, erik_orc_4, basic_altar
D:12:     serial_shops, shop, minmay_guarded_unrand_flaming_death
Temple:   circular_temple_12
Ossuary:  minmay_ossuary_gauntlet

Skill      XL: |  1  2  3  4  5  6  7  8  9 10 |
---------------+-------------------------------+-----
Stealth        | 3 4 5 7 8 9 |  9.2
Fighting       | 3 4 5 6 7 |  7.1
Dodging        | 3 4 5 6 |  6.4
Short Blades   | 1 2 4 5 |  5.8
Throwing       | 1 2 3 |  3.7
Unarmed Combat | |  4.0

Action                   |  1- 3 |  4- 6 |  7- 9 | 10-12 || total
-------------------------+-------+-------+-------+-------++-------
Melee: Short sword       |    68 |   109 |   301 |    58 ||   536
       Bite              |    17 |    32 |   135 |    25 ||   209
       Unarmed           |     3 |       |       |       ||     3
       Punch             |       |     1 |    16 |     2 ||    19
 Fire: Blowgun           |       |       |       |     4 ||     4
Throw: Javelin           |       |     4 |       |       ||     4
Evoke: Wand              |       |       |     5 |     6 ||    11
  Use: Scroll            |       |       |     9 |       ||     9
 Stab: Sleeping          |     3 |    10 |    21 |     3 ||    37
       Distracted        |       |       |     1 |       ||     1
       Betrayed ally     |       |       |     1 |       ||     1
  Eat: Chunk             |       |     6 |     7 |     1 ||    14
       Fruit             |       |     1 |       |       ||     1
       Beef jerky        |       |       |     1 |       ||     1
Armor: Robe              |     9 |    16 |    57 |     3 ||    85
Dodge: Dodged            |    55 |    53 |   246 |    94 ||   448
